 Dungeon Crawl Stone Soup version 0.21.1-1-g345015f (webtiles) character file.

2447 Clueless the Charmwright (level 9, 0/52 HPs)
             Began as a Halfling Skald on Mar 31, 2018.
             Was a Priest of Nemelex Xobeh.
             Slain by a spriggan baker
             ... wielding a +0 dagger
              (4 damage)
             ... on level 7 of the Dungeon on Apr 1, 2018.
             The game lasted 00:38:00 (8853 turns).

Clueless the Charmwright (Halfling Skald)           Turns: 8853, Time: 00:38:00

Health: 0/52       AC:  8    Str: 14    XL:     9   Next: 78%
Magic:  11/14      EV: 16    Int: 13    God:    Nemelex Xobeh [***...]
Gold:   298        SH:  0    Dex: 11    Spells: 4/15 levels left

rFire    + . .     SeeInvis .   r - +2 short sword (chaos)
rCold    . . .     Gourm    .   (shield restricted)
rNeg     + + .     Faith    .   x - +0 robe of Experimentation {rF+ rN++ Str+2} (curse)
rPois    +         Spirit   .   (no helmet)
rElec    .         Reflect  .   A - +2 cloak
rCorr    .         Harm     +   p - +0 pair of gloves (curse)
MR       .....                  v - +0 pair of boots
Stlth    +.........             C - amulet of harm
HPRegen  0.17/turn              (no ring)
MPRegen  0.14/turn              (no ring)

@: infused (expiring)
A: small, talons 1, blurry vision 1, clumsy 2, frail 1, mutation resistance 1,
poison resistance, screaming 1, subdued magic 1
a: Triple Draw, Renounce Religion


You were on level 7 of the Dungeon.
You worshipped Nemelex Xobeh.
Nemelex Xobeh was most pleased with you.
You were not hungry.

You visited 2 branches of the dungeon, and saw 8 of its levels.

You collected 451 gold pieces.
You spent 153 gold pieces at shops.

Inventory:

Hand Weapons
 a - a +0 short sword
 r - a +2 short sword of chaos (weapon)
 B - a +3 mace
Armour
 p - a cursed +0 pair of gloves (worn)
 v - a +0 pair of boots (worn)
 x - the cursed +0 robe of Experimentation (worn) {rF+ rN++ Str+2}
   (You bought it in a shop on level 4 of the Dungeon)

   It affects your strength (+2).
   It protects you from fire.
   It greatly protects you from negative energy.
   It has a curse placed upon it.
 y - the +3 ring mail of Dice, Bag, and Bottle {Str+7}
   (You found it on level 4 of the Dungeon)

   It affects your strength (+7).
 A - a +2 cloak (worn)
Jewellery
 C - an amulet of harm (around neck)
Wands
 o - a wand of flame (21)
 z - a wand of digging (24)
 D - a wand of disintegration (8)
Scrolls
 b - a scroll of amnesia {unknown}
 f - a scroll of enchant weapon {unknown}
 g - 2 scrolls of enchant armour
 j - 3 scrolls of fog
 l - 4 scrolls of identify
 m - a scroll of blinking {unknown}
 s - 7 scrolls of teleportation {unknown}
 t - 2 scrolls of remove curse {unknown}
 u - a scroll of noise {unknown}
 E - a scroll of vulnerability {unknown}
 G - a scroll of random uselessness {unknown}
 H - a scroll of magic mapping {unknown}
Potions
 e - 3 potions of haste {unknown}
 h - 2 potions of heal wounds
 i - 6 potions of curing {unknown}
 k - 2 potions of lignification {unknown}
 n - 3 potions of magic {unknown}
 q - 2 potions of berserk rage {unknown}
 w - a potion of agility {unknown}
Books
 c - a book of Battle

   Spells                             Type                      Level
   a - Infusion                       Charms                       1
   b - Shroud of Golubria             Charms/Translocation         2
   c - Song of Slaying                Charms                       2
   d - Spectral Weapon                Hexes/Charms                 3
   e - Regeneration                   Charms/Necromancy            3
 J - a book of Cantrips

   Spells                             Type                      Level
   a - Confusing Touch                Hexes                        1
   b - Animate Skeleton               Necromancy                   1
   c - Summon Small Mammal            Summoning                    1
   d - Apportation                    Translocation                1
Miscellaneous
 F - a legendary deck of summoning {drawn: 1}
 I - a legendary deck of destruction
 L - a plain deck of summoning {drawn: 1}
Comestibles
 d - 11 rations


   Skills:
 + Level 4.2 Fighting
 + Level 5.6 Short Blades
 * Level 7.0 Armour
 + Level 5.2 Dodging
 + Level 3.6 Spellcasting
 * Level 7.6 Charms


You had 4 spell levels left.
You knew the following spells:

 Your Spells              Type           Power        Failure   Level  Hunger
a - Infusion              Chrm           ###.         1%          1    #......
b - Shroud of Golubria    Chrm/Tloc      #.........   5%          2    ##.....
c - Spectral Weapon       Hex/Chrm       #.......     12%         3    ###....
d - Regeneration          Chrm/Necr      #.........   12%         3    ###....
e - Song of Slaying       Chrm           ###.....     1%          2    ##.....


Dungeon Overview and Level Annotations

Branches:
Dungeon (7/15)             Temple (1/1) D:6

Altars:
Ashenzari
Elyvilon
Fedhas
Gozag
Hepliaklqana
Kikubaaqudgha
Makhleb
Nemelex Xobeh
Okawaru
Qazlal
Ru
Sif Muna
Trog
Uskayaw
Vehumet
Wu Jian
Xom
Yredelemnul
Zin
The Shining One

Shops:
D:4 [   D:5 *


Innate Abilities, Weirdness & Mutations

You are small and have problems with some larger weapons.
You are somewhat resistant to further mutation.
You have sharp toenails.
Scrolls take you a little longer to read.
You are very clumsy. (Dex -4)
You are frail. (-10% HP)
Your system is resistant to poisons. (rPois)
You occasionally shout uncontrollably at your foes.
Your spells are a little easier to cast, but a little less powerful.


Message History

You completely miss the spriggan baker.
The spriggan baker is almost dead.
The spriggan baker misses you.
You barely miss the spriggan baker.
The spriggan baker is almost dead.
The spriggan baker hits you with a dagger!
You barely miss the spriggan baker.
The spriggan baker is almost dead.
The spriggan baker hits you with a dagger.
You draw a card...
It is the Pentagram.
The spriggan baker hits you with a dagger!
* * * LOW HITPOINT WARNING * * *
Your magical infusion is running out.
Your hell hound completely misses the spriggan baker.
The spriggan baker completely misses you.
Your rust devil closely misses the spriggan baker.
The spriggan baker hits you with a dagger.
You die... "This toy is broken."
Your body glows slightly and disappears.

%%# ###.### #.... ##.#
#.....# ###.. ..#
#.....# #.. ####'#
#.....# #.. #..#.#
#.....# #<# #.h.#
#.....# #.# #.###
####### #.# ###4####
########.# #)..i@.#
#.....##.#
#.#.##.######.###.##.#
#.#.#.......#......<.#
#.#......##.#.###.####
#.###..#.##.#.# #>#
#.###..#......###.#
#......####.#.†...#
#####.## #.#######
#... ..#


You could see a spriggan baker and a friendly rust devil.

Vanquished Creatures
  3 ice beasts
  3 sky beasts
  Purgy (D:3)
  2 phantoms
  An ogre (D:6)
  A centaur (D:7)
  5 bullfrogs
  3 scorpions
  3 howler monkeys
  2 crimson imps (D:5)
  A bullfrog zombie (D:6)
  A jelly (D:5)
  Crazy Yiuf (D:4)
  4 hounds
  4 orc wizards
  An orc priest (D:5)
  3 centaur skeletons
  An iguana (D:7)
  Ijyb (D:4)
  2 worker ants
  A howler monkey zombie (D:5)
  A worker ant zombie (D:5)
  A howler monkey skeleton (D:4)
  6 adders
  2 shadow imps (D:7)
  An ooze (D:3)
  A worm (D:4)
  2 dart slugs
  10 orcs
  4 bat skeletons (D:3)
  3 bat zombies (D:3)
  6 giant cockroaches
  7 goblins
  6 hobgoblins
  4 jackals
  4 kobolds
  A quokka (D:3)
  10 bats
  5 frilled lizards
  9 rats
127 creatures vanquished.

Vanquished Creatures (collateral kills)
  An orc warrior (D:7)
  A crimson imp (D:7)
  An orc priest (D:7)
  A howler monkey skeleton (D:4)
  3 orcs (D:7)
7 creatures vanquished.

Vanquished Creatures (others)
  2 spectral weapons
2 creatures vanquished.

Grand Total: 136 creatures vanquished

Notes
Turn   | Place    | Note
-------+----------+-------------------------------------------
     0 | D:1      | Clueless the Halfling Skald began the quest for the Orb.
     0 | D:1      | Reached XP level 1. HP: 14/14 MP: 3/3
   135 | D:1      | Reached XP level 2. HP: 11/19 MP: 4/4
   266 | D:1      | Learned a level 2 spell: Shroud of Golubria
  1253 | D:2      | Reached XP level 3. HP: 14/24 MP: 0/5
  1592 | D:2      | Found a sparkling altar of Nemelex Xobeh.
  1949 | D:2      | Found a faded altar of an unknown god.
  1963 | D:2      | Became a worshipper of Xom of Chaos
  2092 | D:2      | XOM: divination: detect items
  2098 | D:2      | Reached XP level 4. HP: 28/29 MP: 6/6
  2112 | D:2      | XOM: cloud trail
  2130 | D:2      | XOM: divination: magic mapping
  2133 | D:2      | XOM: smoke on damage
  2269 | D:3      | Noticed Purgy
  2277 | D:3      | XOM: mild Chrm miscast
  2285 | D:3      | XOM: enchant monster (bad)
  2297 | D:3      | XOM: destruction
  2304 | D:3      | XOM: summons friendly shadow imp
  2317 | D:2      | XOM: enchant monster (good)
  2336 | D:2      | XOM is BORED!
  2336 | D:2      | XOM: blink monster(s)
  2338 | D:2      | XOM: summons friendly ufetubus
  2340 | D:2      | XOM: cleaving
  2344 | D:2      | XOM: summons friendly shadow imp
  2681 | D:3      | XOM: destruction
  2761 | D:2      | XOM: give mutations
  2761 | D:2      | Gained mutation: Your system is resistant to poisons. (rPois) [Xom's grace]
  2761 | D:2      | Gained mutation: You are agile. (Dex +2) [Xom's grace]
  2761 | D:2      | Gained mutation: You possess an exceptional clarity of mind. [Xom's grace]
  2860 | D:2      | Fell from the grace of Xom
  2860 | D:2      | Became a worshipper of Nemelex Xobeh the Trickster
  3269 | D:2      | Reached XP level 5. HP: 33/34 MP: 7/7
  3389 | D:3      | XOM: 4-stop teleportation journey
  3563 | D:3      | XOM: give mutation
  3563 | D:3      | Gained mutation: Scrolls take you a little longer to read. [Xom's mischief]
  3741 | D:3      | XOM: chaos upgrade
  3759 | D:3      | Reached XP level 6. HP: 34/41 MP: 7/9
  3770 | D:3      | Received a gift from Nemelex Xobeh
  3900 | D:3      | Found an ancient bone altar of Kikubaaqudgha.
  4045 | D:3      | Killed Purgy
  4351 | D:3      | Reached XP level 7. HP: 36/45 MP: 5/10
  4451 | D:4      | Reached skill level 5 in Charms
  4460 | D:4      | Learned a level 3 spell: Spectral Weapon
  4464 | D:4      | Learned a level 3 spell: Regeneration
  4575 | D:4      | XOM: torment (21/45 hp)
  4854 | D:4      | Found Weesoc's Antique Armour Emporium.
  4858 | D:4      | Bought a distressingly furry robe for 153 gold pieces
  4885 | D:4      | Got a polished ring mail
  4889 | D:4      | XOM: medium Ice miscast
  5364 | D:4      | Identified the +3 ring mail of Dice, Bag, and Bottle {Str+7} (You found it on level 4 of the Dungeon)
  5374 | D:4      | Identified the cursed +0 robe of Experimentation {rF+ rN++ Str+2} (You bought it in a shop on level 4 of the Dungeon)
  5420 | D:4      | Reached * piety under Nemelex Xobeh
  5616 | D:4      | XOM: give mutations
  5616 | D:4      | Lost mutation: You possess an exceptional clarity of mind. [Xom's mischief]
  5616 | D:4      | Lost mutation: You are agile. (Dex +2) [Xom's mischief]
  5616 | D:4      | Gained mutation: You have sharp toenails. [Xom's mischief]
  5616 | D:4      | Gained mutation: You occasionally shout uncontrollably at your foes. [Xom's mischief]
  5769 | D:4      | XOM: give mutations
  5769 | D:4      | Gained mutation: You are resistant to hostile enchantments. (MR+) [Xom's mischief]
  5769 | D:4      | Gained mutation: Your spells are a little easier to cast, but a little less powerful. [Xom's mischief]
  5782 | D:4      | Found a runed door.
  5786 | D:4      | Noticed Crazy Yiuf
  5789 | D:4      | Killed Crazy Yiuf
  5843 | D:4      | XOM: give mutations
  5843 | D:4      | Gained mutation: Your spells are easier to cast, but less powerful. [Xom's mischief]
  5843 | D:4      | Gained mutation: You are clumsy. (Dex -2) [Xom's mischief]
  5843 | D:4      | Lost mutation: Your spells are easier to cast, but less powerful. [Xom's mischief]
  5843 | D:4      | Lost mutation: Scrolls take you a little longer to read. [Xom's mischief]
  5888 | D:5      | Entered Level 5 of the Dungeon
  5890 | D:5      | Noticed Ijyb
  5906 | D:4      | Killed Ijyb
  5934 | D:5      | Reached XP level 8. HP: 52/52 MP: 8/11
  6103 | D:5      | Reached skill level 5 in Armour
  6238 | D:5      | XOM: 1-stop teleportation journey
  6334 | D:5      | XOM: give mutations
  6334 | D:5      | Gained mutation: Scrolls take you a little longer to read. [Xom's mischief]
  6334 | D:5      | Gained mutation: You are very clumsy. (Dex -4) [Xom's mischief]
  6334 | D:5      | Lost mutation: You are resistant to hostile enchantments. (MR+) [Xom's mischief]
  6334 | D:5      | Gained mutation: You are frail. (-10% HP) [Xom's mischief]
  6479 | D:5      | Found a shimmering altar of Xom.
  6712 | D:5      | XOM: torment (29/46 hp)
  6714 | D:5      | Found Cikkamp's General Store.
  6890 | D:6      | XOM: medium Tmut miscast
  7164 | D:6      | Learned a level 2 spell: Song of Slaying
  7166 | D:6      | Reached ** piety under Nemelex Xobeh
  7175 | D:6      | Found a hazy altar of Hepliaklqana.
  7270 | D:6      | XOM: god gift: 64 gold pieces
  7291 | D:6      | Received a gift from Nemelex Xobeh
  7315 | D:6      | Reached XP level 9. HP: 26/52 MP: 5/13
  7319 | D:6      | XOM: enchant monster (bad)
  7574 | D:6      | Found a staircase to the Ecumenical Temple.
  7580 | Temple   | Entered the Ecumenical Temple
  7776 | Temple   | Reached skill level 5 in Short Blades
  8288 | D:7      | XOM: god gift: 53 gold pieces
  8328 | D:7      | Received a gift from Nemelex Xobeh
  8341 | D:7      | Reached skill level 5 in Dodging
  8346 | D:7      | Reached *** piety under Nemelex Xobeh
  8556 | D:7      | Received a gift from Nemelex Xobeh
  8843 | D:7      | XOM: enchant monster (bad)
  8853 | D:7      | Slain by a spriggan baker

Skill      XL: |  1  2  3  4  5  6  7  8  9 |
---------------+----------------------------+-----
Fighting       | 2 3 4 |  4.2
Armour         | 2 3 4 5 7 |  7.0
Charms         | 4 5 6 7 |  7.6
Short Blades   | 3 4 5 |  5.6
Spellcasting   | 2 3 |  3.6
Dodging        | 3 4 5 |  5.2

Action                   |  1- 3 |  4- 6 |  7- 9 || total
-------------------------+-------+-------+-------++-------
Melee: Short sword       |   104 |   163 |   343 ||   610
 Cast: Infusion          |     4 |    10 |    17 ||    31
       Shroud of Golubri |       |     2 |     4 ||     6
       Spectral Weapon   |       |       |    10 ||    10
Evoke: Deck              |       |     4 |     8 ||    12
  Use: Scroll            |       |       |     3 ||     3
 Stab: Sleeping          |       |     1 |     1 ||     2
       Paralysed         |       |       |     4 ||     4
       Confused          |       |       |     1 ||     1
       Petrifying        |       |       |     1 ||     1
  Eat: Chunk             |     3 |     5 |    13 ||    21
       Ration            |       |     1 |     1 ||     2
Armor: Leather armour    |    30 |    60 |    11 ||   101
       Robe              |       |       |    57 ||    57
Dodge: Dodged            |    88 |   191 |   185 ||   464
